AoeStats
← Duquegdaniel

Arabia

509773633Analyzed
1v1 RM · 5d ago on Sep 28, 2026· 26m 20s· 2 players
Game mode
Random Map
Map size
Tiny (2 player)
Population
200
Speed
Normal
Resources
Standard
Victory
Conquest
Starting age
Dark Age
Ending age
Imperial Age
RankedLock teamsTeams togetherTeam positionsShared explorationLock speedFull tech treeHidden civsTurbo modeCheats
Victory
Defeat
🇨🇴 Slavs · Colombia
1473
+16
🇧🇷 Varangians · Brazil
1468
-16
rick rush
6:08 Loom
8:54 Feudal Age
15:01 Double-Bit Axe
17:22 Scale Barding Armor
17:27 Forging
17:55 Bloodlines
22:29 Castle Age
Duquegdaniel
8:01 Loom
10:34 Feudal Age
11:05 Double-Bit Axe
15:25 Fletching
15:54 Horse Collar
18:18 Wheelbarrow
21:58 Castle Age
20:27 Gold Mining
21:19 Padded Archer Armor
21:56 Forging
22:02 Crossbowman
22:38 Bodkin Arrow
23:16 Bow Saw
23:29 Pikeman
24:34 Squires
Connection lost

Rejoining the realm…

Still unreachable

The connection could not be restored.

Session expired

The server has moved on; the page needs a fresh start.